 Dungeon Crawl Stone Soup version 0.29-a0-322-g68df515428 (webtiles) character file.

Game seed: 14757036838680101940

254 Ajdolov the Cudgeller (level 6, -8/51 HPs)
             Began as a Formicid Abyssal Knight on Apr 7, 2022.
             Was a Priest of Lugonu.
             Mangled by an ogre
             ... wielding a +0 giant club
              (13 damage)
             ... on level 4 of the Dungeon.
             The game lasted 00:05:07 (2977 turns).

Ajdolov the Cudgeller (Formicid Abyssal Knight)     Turns: 2977, Time: 00:05:08

Health: -8/51      AC:  9    Str: 19    XL:     6   Next: 38%
Magic:  7/7        EV:  7    Int: 10    God:    Lugonu [***...]
Gold:   78         SH:  0    Dex: 11    Spells: 5/5 levels left

rFire   . . .      SeeInvis +   a - +1 mace
rCold   . . .      Faith    .   (no shield)
rNeg    . . .      Spirit   .   n - +0 chain mail
rPois   .          Reflect  .   (helmet unavailable)
rElec   .          Harm     .   i - +0 cloak
rCorr   .          Rampage  .   (no gloves)
Will    .....                   (no boots)
Stlth   ..........              (no amulet)
HPRegen 0.17/turn               g - +4 ring of slaying
MPRegen 0.10/turn               (no ring)

@: no status effects
A: permanent stasis, dig shafts and tunnels, antennae 3, four strong arms
a: Dig, Shaft Self, Renounce Religion, Depart the Abyss, Bend Space, Banish


You were on level 4 of the Dungeon.
You worshipped Lugonu.
Lugonu was most pleased with you.
You visited 1 branch of the dungeon, and saw 4 of its levels.
You visited the Abyss 1 time.

You collected 78 gold pieces.

Inventory:

Hand Weapons
 a - a +1 mace (weapon)
Armour
 i - a +0 cloak (worn)
 n - a +0 chain mail (worn)
Jewellery
 g - a +4 ring of slaying (left hand)
Scrolls
 b - a scroll of fog {unknown}
 e - a scroll of vulnerability {unknown}
 h - 3 scrolls of teleportation
 j - 6 scrolls of magic mapping {unknown}
 k - 2 scrolls of identify
 q - a scroll of enchant weapon {unknown}
 r - a scroll of noise {unknown}
Potions
 c - 2 potions of might {unknown}
 d - a potion of attraction {unknown}
 f - 3 potions of heal wounds {unknown}
 l - a potion of invisibility {unknown}
 m - 2 potions of mutation {unknown}
 o - a potion of curing {unknown}
 p - a potion of berserk rage {unknown}
 s - a potion of haste {unknown}
 t - a potion of lignification {unknown}


   Skills:
 + Level 5.0 Fighting
 * Level 5.2 Maces & Flails
 - Level 2.1 Armour
 - Level 0.8 Dodging
 - Level 2.1 Invocations


You had 5 spell levels left.
You didn't know any spells.
Your spell library was empty.

Dungeon Overview and Level Annotations

Branches:
Dungeon (4/15)             Temple (0/1) D:4

Altars:
Kikubaaqudgha

Shops:
D:3 [


Innate Abilities, Weirdness & Mutations

You cannot be hasted, slowed, berserked, paralysed or teleported.
You can dig through walls and to a lower floor.
You have a pair of large antennae on your head. (SInv)
Your four strong arms can wield two-handed weapons with a shield.


Message History

The ogre struggles against the net.
You completely miss the ogre.
The ogre is moderately wounded.
The ogre struggles against the net.
The net rips apart, and the ogre comes free!
The ogre hits you with a +0 giant club!!
You sock the ogre!
The ogre is severely wounded.
You hit the ogre.
The ogre is almost dead.
The ogre hits you with a +0 giant club! x2
* * * LOW HITPOINT WARNING * * *
Unknown command.
You sock the ogre!
You kill the ogre!
Lugonu accepts your kill.
Your Fighting skill increases to level 5!
Your Maces & Flails skill increases to level 5!
You have reached level 6!
There is an open door here.
Things that are here:
a +0 giant club; an ogre corpse
Press: ? - help, Shift-Dir - straight line, f - ogre
Aim: an ogre, wielding a +0 giant club (chance to affect: 80%)
Okay, then.
Okay, then.
Okay, then.
You aren't carrying any items that you can evoke.
Unknown command.
Press: ? - help, v - describe, . - travel
Here: an ogre, wielding a +0 giant club The floor, spattered with blood.
Okay, then.
As you read the scroll labelled JEDU WYXTUN, it crumbles to dust.
It is a scroll of identify.
h - 3 scrolls of teleportation The ogre misses you.
Okay, then.
The ogre attacks as you move away! The ogre hits you with a +0 giant club!
You die...

.....#... ........# ###'###
#.....# .....[. ..
#.⌠.⌠.#####..... ...
+..>..+.#......#
#.####.⌠.⌠.#..{.....###.
.###...#..O..#..........#.
.......###@###.###........
.............†.##.).# ...
...............##..# ..#
...................# ..
#......)........##..# ##.
#......#.##....####.....#.<
##....#####....## #.......
#..## .###.....# ###.....
#.. #.........####.......


You could see an ogre.

Vanquished Creatures
  An ogre (D:4)
  A hound (D:3)
  4 gnolls (D:3)
  4 adders
  A worm (D:3)
  A dart slug (D:2)
  8 ball pythons
  6 endoplasms
  9 giant cockroaches
  7 goblins
  3 hobgoblins (D:1)
  6 kobolds
  2 quokkas
  7 bats
  4 frilled lizards
  2 rats (D:1)
66 creatures vanquished.

Notes
Turn   | Place    | Note
-------+----------+-------------------------------------------
     0 | Abyss:1  | Ajdolov the Formicid Abyssal Knight began the quest for the
                  | Orb.
     0 | Abyss:1  | Reached XP level 1. HP: 18/18 MP: 2/2
     7 | D:1      | Escaped the Abyss
    72 | D:1      | Found a faded altar of an unknown god.
   169 | D:1      | Reached XP level 2. HP: 20/24 MP: 3/3
   497 | D:1      | Reached XP level 3. HP: 28/30 MP: 4/4
  1076 | D:2      | You fall into a shaft and drop 2 floors!
  1124 | D:2      | Reached *** piety under Lugonu
  1268 | D:2      | Reached XP level 4. HP: 37/37 MP: 5/5
  1865 | D:3      | Found Gomomei's Antique Armour Shoppe.
  1927 | D:3      | Found an ancient bone altar of Kikubaaqudgha.
  2373 | D:3      | Reached XP level 5. HP: 42/42 MP: 6/6
  2955 | D:4      | Found a staircase to the Ecumenical Temple.
  2963 | D:4      | Noticed an ogre
  2966 | D:4      | Noticed an ogre
  2974 | D:4      | Killed an ogre
  2975 | D:4      | Reached skill level 5 in Fighting
  2975 | D:4      | Reached skill level 5 in Maces & Flails
  2975 | D:4      | Reached XP level 6. HP: 5/51 MP: 7/7
  2977 | D:4      | Mangled by an ogre

Illustrated notes

Levels and vault maps discovered:
D:1:      ebering_trefoil_3fold, layout_basic, serial_corexii_hall,
          corexii_hall_statues_l, chequers_hall_statues_wall_a,
          corexii_hall_statues_i, corexii_hall_statues_x,
          shapermc_ecumenical_altar_starsandcircs
D:2:      layout_loops_ring
D:3:      layout_basic, overflow_temple_1_default, serial_shops,
          nicolae_shop_hallway_plus
D:4:      layout_cave_pools, grunt_temple_overflow_opulence,
          vehumet_altar_wand_db, minmay_temple_entry_hall, uniq_ijyb

Skill      XL: |  1  2  3  4  5 |
---------------+----------------+-----
Maces & Flails | 3 4 5 |  5.2
Fighting       | 4 5 |  5.0
Armour         | |  2.1
Dodging        | |  0.8
Invocations    | |  2.1

Action                   |  1- 3 |  4- 6 || total
-------------------------+-------+-------++-------
Melee: Mace              |    89 |    81 ||   170
Throw: Throwing net      |       |     1 ||     1
  Use: Scroll            |       |     1 ||     1
Armor: Leather armour    |    38 |       ||    38
       Chain mail        |     9 |    55 ||    64
Dodge: Dodged            |    59 |    31 ||    90

Table legend: (Time is in decaauts)
 A = Elapsed time spent in this place.
 B = Non-inter-level travel time spent in this place.
 C = Inter-level travel time spent in this place.
 D = Time resting spent in this place.
 E = Time spent auto-exploring this place.
 F = Levels seen in this place.
 G = Mean time per level.
                   A        B        C        D        E       F      G
               +--------+--------+--------+--------+--------+-----+--------+
         Total |   3018 |   2934 |     84 |    541 |   1785 |   5 |  603.6 |
       Dungeon |   3011 |   2927 |     84 |    541 |   1785 |   4 |  752.8 |
         Abyss |      7 |      7 |      0 |      0 |      0 |   1 |    7.0 |
               +--------+--------+--------+--------+--------+-----+--------+

Top non-repeatable levels by time:
     D:3: 1074 daAuts
     D:2: 941 daAuts
     D:1: 778 daAuts
     D:4: 218 daAuts
 Abyss:1: 7 daAuts
